[Event "Titled Tuesday Blitz May 4 2021"]
[White "Homiakova, Elena"]
[Black "Smietanska, Wiktoria"]
[WhiteFideId "13507761"]
[BlackFideId "21869359"]
[WhiteElo "2260"]
[BlackElo "1780"]
[Result "0-1"]
[Round "06"]
[TimeControl "180+1"]
[Date "2021.05.04"]
[WhiteClock "0:00:02"]
[BlackClock "0:01:43"]

1. e4 c5 2. Nf3 d6 3. d4 cxd4 4. Nxd4 Nf6 5. Nc3 a6 6. Be2 e5 7. Nb3 Be7 8. O-O O-O 9. Kh1 Be6 10. f4 exf4 11. Bxf4 Nc6 12. Nd4 Ne5 13. Bg5 h6 14. Bxf6 Bxf6 15. Nf5 Bxf5 16. Rxf5 g6 17. Rf1 Bg7 18. Nd5 Qa5 19. Nf6+ Kh8 20. Qxd6 Rfd8 21. Qe7 Rac8 22. Nd5 Rd7 23. b4 Qxd5 24. exd5 Rxe7 25. c4 Nxc4 26. Bf3 Nd2 27. Rfd1 Nxf3 28. gxf3 Bxa1 0-1


[Site "https://www.chess.com"]

[Event "Titled Tuesday Blitz May 4 2021"]
[White "Ibrayev, Nurlan"]
[Black "Leitao, Rafael"]
[WhiteFideId "13700650"]
[BlackFideId "2101246"]
[WhiteElo "2366"]
[BlackElo "2609"]
[Result "0-1"]
[Round "06"]
[TimeControl "180+1"]
[Date "2021.05.04"]
[WhiteClock "0:00:03"]
[BlackClock "0:00:16"]

1. d4 Nf6 2. c4 g6 3. Nc3 Bg7 4. e4 d6 5. Be2 O-O 6. Be3 c6 7. g4 d5 8. e5 Ne4 9. Qb3 Nxc3 10. bxc3 dxc4 11. Qxc4 Be6 12. Qb4 Na6 13. Qxb7 Qa5 14. Qb2 c5 15. Kf1 cxd4 16. cxd4 Rab8 17. Qd2 Qxd2 18. Bxd2 Nb4 19. Bxb4 Rxb4 20. Rd1 Rd8 21. Nf3 Bxg4 22. Kg2 Bxf3+ 23. Bxf3 Rbxd4 24. e6 fxe6 25. Rhe1 Kf7 26. Rxd4 Bxd4 27. Bg4 e5 28. Rd1 Rb8 29. Rd2 Kf6 30. Bf3 Rb6 31. Be4 Kg5 32. Kg3 h5 33. h4+ Kf6 34. f3 Be3 35. Rc2 Bf4+ 36. Kh3 Be3 37. Rc6+ Rxc6 38. Bxc6 g5 39. Be8 Bf2 40. Bxh5 gxh4 41. Bg4 Kg5 42. Be6 Kf4 43. Bd5 Bg3 44. Be4 Ke3 45. Bd5 Kf2 46. Be4 e6 47. Bc6 Ke3 48. Kg4 Kd4 49. Bb7 Ke3 50. Bc8 Kf2 51. Bxe6 Kg2 52. Bd5 Kh2 0-1


[Site "https://www.chess.com"]

[Event "Titled Tuesday Blitz May 4 2021"]
[White "Indjic, Aleksandar"]
[Black "Wu, Christopher"]
[WhiteFideId "911925"]
[BlackFideId "2040875"]
[WhiteElo "2591"]
[BlackElo "2607"]
[Result "1-0"]
[Round "06"]
[TimeControl "180+1"]
[Date "2021.05.04"]
[WhiteClock "0:00:44"]
[BlackClock "0:00:20"]

1. e4 c5 2. Nc3 e6 3. Nge2 Nc6 4. g3 a6 5. Bg2 Nf6 6. O-O Be7 7. d3 d6 8. a4 O-O 9. f4 Rb8 10. h3 Qc7 11. g4 b5 12. Ng3 Re8 13. g5 Nd7 14. Nce2 Bb7 15. h4 Nb6 16. a5 Nd7 17. Bd2 b4 18. f5 Bf8 19. Nf4 Nde5 20. h5 Nd8 21. c3 bxc3 22. bxc3 exf5 23. Nxf5 Ne6 24. Nd5 Bxd5 25. exd5 Nd8 26. Bf4 Qd7 27. Bh3 Qb5 28. Bxe5 Rxe5 29. c4 Qe8 30. Qd2 Re2 31. Rae1 Rxe1 32. Rxe1 Qa4 33. g6 hxg6 34. hxg6 fxg6 35. Nh4 Qa3 36. Nxg6 Qb2 37. Qxb2 Rxb2 38. Re8 Kf7 39. Rxf8+ Kxg6 40. Rxd8 Ra2 41. Rxd6+ Kg5 42. Rxa6 Kf4 43. Bf1 g5 44. d6 Rb2 45. Rb6 Ra2 46. d7 1-0


[Site "https://www.chess.com"]

[Event "Titled Tuesday Blitz May 4 2021"]
[White "Iniyan, P"]
[Black "Wagh Suyog"]
[WhiteFideId "25002767"]
[BlackFideId "25071688"]
[WhiteElo "2400"]
[BlackElo "2219"]
[Result "1-0"]
[Round "06"]
[TimeControl "180+1"]
[Date "2021.05.04"]
[WhiteClock "0:00:09"]
[BlackClock "0:00:09"]

1. Nf3 d5 2. g3 g6 3. Bg2 Bg7 4. O-O e5 5. d4 exd4 6. Nxd4 Ne7 7. c3 O-O 8. a4 c6 9. Na3 Nf5 10. Ndc2 Qe7 11. Re1 Nd6 12. Be3 Bf5 13. Bd4 f6 14. Ne3 Be6 15. c4 Nxc4 16. Naxc4 dxc4 17. Qc2 c5 18. Bc3 Na6 19. Rad1 Rfd8 20. Qe4 Rab8 21. Nxc4 f5 22. Qe3 Bd4 23. Bxd4 cxd4 24. Rxd4 Rxd4 25. Qxd4 Qb4 26. Rc1 Rc8 27. Bd5 Nc7 28. Bxe6+ Nxe6 29. Qd5 Rc6 30. Rc3 Qc5 31. Qd7 Nf8 32. Qxb7 Rc7 33. Qb5 Qd4 34. Qb3 Qe4 35. Nd2+ Qe6 36. Rxc7 Qxb3 37. Nxb3 1-0


[Site "https://www.chess.com"]

[Event "Titled Tuesday Blitz May 4 2021"]
[White "Injac, Teodora"]
[Black "Pinto, Daniel"]
[WhiteFideId "932400"]
[BlackFideId "3303144"]
[WhiteElo "2308"]
[BlackElo "1936"]
[Result "1-0"]
[Round "06"]
[TimeControl "180+1"]
[Date "2021.05.04"]
[WhiteClock "0:00:49"]
[BlackClock "0:00:01"]

1. d4 Nf6 2. c4 e6 3. Nf3 d5 4. Nc3 Bb4 5. Bg5 h6 6. Bxf6 Qxf6 7. e3 O-O 8. Rc1 a6 9. Qb3 Bxc3+ 10. Qxc3 Nc6 11. Be2 Bd7 12. O-O Rac8 13. cxd5 exd5 14. Qb3 Ne7 15. Qxb7 Bc6 16. Qb4 Rb8 17. Qc3 Rb6 18. Ne5 Rfb8 19. b3 Qe6 20. Rc2 f6 21. Nd3 Be8 22. Rfc1 c6 23. Nc5 Qc8 24. h3 g5 25. Qe1 Ng6 26. Bd3 Nh4 27. Qe2 a5 28. Qd2 Ra8 29. e4 Qd8 30. Qe3 Bf7 31. e5 f5 32. g3 f4 33. Qe2 fxg3 34. fxg3 Ng6 35. e6 Be8 36. Rf1 Qd6 37. Qf3 Ra7 38. Rcf2 1-0


[Site "https://www.chess.com"]

[Event "Titled Tuesday Blitz May 4 2021"]
[White "Isajevsky, Anton"]
[Black "Lopez Del Alamo, Antonio"]
[WhiteFideId "4142500"]
[BlackFideId "2227339"]
[WhiteElo "2510"]
[BlackElo "2098"]
[Result "1-0"]
[Round "06"]
[TimeControl "180+1"]
[Date "2021.05.04"]
[WhiteClock "0:00:16"]
[BlackClock "0:00:46"]

1. c4 Nf6 2. Nc3 g6 3. g3 Bg7 4. Bg2 d6 5. e3 O-O 6. Nge2 e5 7. O-O Re8 8. d3 c6 9. b3 d5 10. Bb2 a6 11. Rc1 h5 12. h3 Be6 13. Kh2 Nbd7 14. cxd5 Nxd5 15. Ne4 Qe7 16. a3 f5 17. Nd2 h4 18. e4 hxg3+ 19. Nxg3 Nf4 20. Nf3 Nxg2 21. Kxg2 f4 22. Ne2 g5 23. Nh2 Nf6 24. f3 Nh5 25. Ng4 Ng3 26. Nxg3 fxg3 27. Kxg3 Qf7 28. b4 Qh5 29. Kg2 Rf8 30. Rc5 Rad8 31. Bxe5 Bxg4 32. hxg4 Qf7 33. Bxg7 Qxg7 34. Qd2 Rf4 35. Rh1 Rdf8 36. Rh5 Qa1 37. Rcxg5+ Kf7 38. Qxf4+ Ke8 39. Re5+ Kd7 40. Qxf8 Qb2+ 41. Kg3 1-0


[Site "https://www.chess.com"]

[Event "Titled Tuesday Blitz May 4 2021"]
[White "Iskusnyh, Sergei"]
[Black "Shtyka, Sergey"]
[WhiteFideId "4120027"]
[BlackFideId "4138465"]
[WhiteElo "2492"]
[BlackElo "2102"]
[Result "1-0"]
[Round "06"]
[TimeControl "180+1"]
[Date "2021.05.04"]
[WhiteClock "0:01:16"]
[BlackClock "0:00:59"]

1. d4 c5 2. d5 e5 3. e4 d6 4. Bb5+ Bd7 5. a4 Be7 6. Nf3 a6 7. Be2 Nf6 8. Nc3 Bg4 9. Nd2 Bxe2 10. Qxe2 O-O 11. O-O Nbd7 12. Nc4 Ne8 13. a5 Nc7 14. Na4 Nb5 15. c3 Bg5 16. Nab6 Nxb6 17. Nxb6 Rb8 18. Bxg5 Qxg5 19. Nd7 Qe7 20. Nxb8 Rxb8 21. Qg4 g6 22. f4 exf4 23. Rxf4 Rf8 24. Raf1 Nc7 25. h4 h5 26. Qg5 Qxg5 27. hxg5 Ne8 28. Kf2 Nc7 29. Ke3 Kg7 30. Kd3 Kg8 31. c4 Kg7 32. Kc3 Kg8 33. b4 cxb4+ 34. Kxb4 Ne8 35. Kc3 Kg7 36. Kd4 f6 37. gxf6+ Rxf6 38. Rxf6 Nxf6 39. Rb1 1-0


[Site "https://www.chess.com"]

[Event "Titled Tuesday Blitz May 4 2021"]
[White "Ismayil, Malak"]
[Black "Bailey, Ben"]
[WhiteFideId "13412604"]
[BlackFideId "2021293"]
[WhiteElo "1879"]
[BlackElo "2340"]
[Result "1-0"]
[Round "06"]
[TimeControl "180+1"]
[Date "2021.05.04"]
[WhiteClock "0:00:05"]
[BlackClock "0:00:14"]

1. e4 c5 2. Nf3 d6 3. d4 cxd4 4. Nxd4 Nf6 5. Nc3 a6 6. Bc4 e6 7. a3 Nbd7 8. O-O Nc5 9. Re1 b5 10. Bd3 Bb7 11. Nb3 Qc7 12. Bf4 Be7 13. Nxc5 Qxc5 14. a4 b4 15. Nb1 O-O 16. Nd2 Rac8 17. Qe2 Rfd8 18. Nb3 Qb6 19. a5 Qc6 20. f3 e5 21. Be3 d5 22. Bb6 Re8 23. exd5 Nxd5 24. Qe4 g6 25. Kh1 Nxb6 26. Qxc6 Rxc6 27. axb6 Rxb6 28. Rxe5 f6 29. Re2 Kf8 30. Rae1 Bc6 31. Nd4 Bd7 32. Bc4 Bc5 33. Rxe8+ Bxe8 34. Ne6+ Rxe6 35. Bxe6 Bd4 36. b3 a5 37. Bc4 a4 38. bxa4 Bxa4 39. Bb3 Bb5 40. Rd1 Bc3 41. h4 h5 42. Rd8+ Kg7 43. Rb8 Be2 44. Rb7+ Kh6 45. Rb6 g5 46. hxg5+ Kxg5 47. Rb8 Kf4 48. Rb6 Kg5 49. Rb8 1-0


[Site "https://www.chess.com"]

[Event "Titled Tuesday Blitz May 4 2021"]
[White "Ivanisevic, Ivan"]
[Black "Lazavik, Denis"]
[WhiteFideId "912417"]
[BlackFideId "13515110"]
[WhiteElo "2525"]
[BlackElo "2436"]
[Result "1/2-1/2"]
[Round "06"]
[TimeControl "180+1"]
[Date "2021.05.04"]
[WhiteClock "0:00:30"]
[BlackClock "0:00:13"]

1. d4 Nf6 2. c4 e6 3. Nc3 Bb4 4. e3 O-O 5. Bd3 d5 6. Nf3 c5 7. cxd5 exd5 8. O-O c4 9. Bc2 Bg4 10. h3 Bh5 11. Ne2 Bd6 12. Ne5 Nc6 13. f4 Bxe2 14. Qxe2 Rc8 15. Bd2 b5 16. a4 b4 17. Be1 Na5 18. Bh4 Be7 19. g4 Ne4 20. Bxe7 Qxe7 21. Bxe4 dxe4 22. g5 f6 23. gxf6 gxf6 24. Ng4 Kh8 25. Kh2 c3 26. bxc3 Rxc3 27. Rg1 b3 28. Rac1 Rxc1 29. Rxc1 Rb8 30. Qb2 h5 31. Nh6 Qh7 32. Rc5 Qxh6 33. Rxa5 Qg6 34. Rb5 Rxb5 35. axb5 h4 36. Qxb3 Qg3+ 37. Kh1 Qxh3+ 38. Kg1 Qg3+ 39. Kh1 h3 40. Qc2 Qxe3 41. Qc8+ Kh7 42. Qf5+ Kg7 43. Qg4+ Kf7 44. Qd7+ Kg6 45. Qg4+ Kh6 46. Qh4+ Kg7 47. Qg4+ Kf8 48. Qc8+ Ke7 49. Qc7+ Kf8 50. Qc8+ Kg7 51. Qg4+ 1/2-1/2


[Site "https://www.chess.com"]

[Event "Titled Tuesday Blitz May 4 2021"]
[White "Jacobson, Brandon"]
[Black "Rakotomaharo, Fy Antenaina"]
[WhiteFideId "30901561"]
[BlackFideId "13100050"]
[WhiteElo "2362"]
[BlackElo "2378"]
[Result "1-0"]
[Round "06"]
[TimeControl "180+1"]
[Date "2021.05.04"]
[WhiteClock "0:00:16"]
[BlackClock "0:00:01"]

1. d4 Nf6 2. c4 g6 3. Nc3 d5 4. cxd5 Nxd5 5. e4 Nxc3 6. bxc3 Bg7 7. Nf3 c5 8. Rb1 O-O 9. Be2 b6 10. O-O Bb7 11. d5 Bxc3 12. h4 Nd7 13. Bf4 Bg7 14. h5 Nf6 15. h6 Bh8 16. Ng5 Qd7 17. Qb3 Rad8 18. Rfd1 Qc8 19. Rbc1 Nh5 20. Bh2 Bf6 21. Qe3 Bd4 22. Rxd4 cxd4 23. Qd2 Qd7 24. Rc7 Qa4 25. Rxb7 Nf6 26. Rxe7 Rc8 27. Be5 Rc2 28. Qxd4 Qxd4 29. Bxd4 Rxe2 30. Bxf6 Re1+ 31. Kh2 Rc8 32. d6 1-0


[Site "https://www.chess.com"]

[Event "Titled Tuesday Blitz May 4 2021"]
[White "Jakubowska, Anna"]
[Black "Remolar Gallen, Jose"]
[WhiteFideId "1121952"]
[BlackFideId "2215187"]
[WhiteElo "2006"]
[BlackElo "2203"]
[Result "1-0"]
[Round "06"]
[TimeControl "180+1"]
[Date "2021.05.04"]
[WhiteClock "0:00:09"]
[BlackClock "0:00:02"]

1. e4 c5 2. Nc3 g6 3. g3 Bg7 4. Bg2 Nc6 5. d3 d6 6. Nh3 Nf6 7. O-O O-O 8. f4 Bg4 9. Qd2 Nd4 10. Ng5 h6 11. Nf3 Nxf3+ 12. Bxf3 Bxf3 13. Rxf3 Rb8 14. Qe2 b5 15. Bd2 b4 16. Nd1 Qd7 17. Ne3 a5 18. Raf1 a4 19. f5 g5 20. R3f2 Rfc8 21. h4 Nh7 22. Nd5 e6 23. fxe6 fxe6 24. hxg5 exd5 25. gxh6 Bd4 26. Be3 Rf8 27. Bxd4 cxd4 28. exd5 Rxf2 29. Rxf2 Rf8 30. Rxf8+ Nxf8 31. Qe4 Qh3 32. Qf4 Ng6 33. Qxd6 Qf5 34. Qxb4 Ne5 35. Qb8+ Kh7 36. Qd6 Qg5 37. Kg2 Qd2+ 38. Kh3 Qxh6+ 39. Qxh6+ Kxh6 40. d6 Kg5 41. g4 Nd7 42. Kg3 Ne5 43. Kh3 Nd7 44. Kg3 Nf6 45. Kf3 Nd7 46. Ke4 Nf6+ 47. Ke5 Nxg4+ 48. Ke6 Nf6 49. Ke5 Nd7+ 50. Kxd4 Kf6 51. Kc4 Ke6 52. Kb4 Kxd6 53. Kxa4 Kc5 54. c3 Kb6 55. Kb4 Nc5 56. d4 Nd3+ 57. Kb3 Nc1+ 58. Kc2 Nxa2 59. b3 Kb5 60. Kb2 1-0


[Site "https://www.chess.com"]

[Event "Titled Tuesday Blitz May 4 2021"]
[White "Jary, Sergey"]
[Black "Quirke, Jeffrey"]
[WhiteFideId "14110350"]
[BlackFideId "2013029"]
[WhiteElo "2260"]
[BlackElo "2245"]
[Result "1/2-1/2"]
[Round "06"]
[TimeControl "180+1"]
[Date "2021.05.04"]
[WhiteClock "0:01:50"]
[BlackClock "0:00:07"]

1. Nf3 d5 2. g3 Nd7 3. c4 dxc4 4. Qa4 a6 5. Qxc4 b5 6. Qc6 Rb8 7. Bg2 Bb7 8. Qc2 c5 9. O-O e6 10. d3 Ngf6 11. Bg5 Be7 12. Nbd2 O-O 13. Rac1 Rc8 14. Rfd1 Qb6 15. a3 h6 16. Bxf6 Nxf6 17. Ne4 Nxe4 18. dxe4 Rfd8 19. Ne1 c4 20. e5 Bxg2 21. Kxg2 a5 22. Rxd8+ Bxd8 23. Rd1 b4 24. axb4 axb4 25. e4 Qc7 26. f4 Be7 27. Nf3 c3 28. b3 Bc5 29. Rd3 Rd8 30. Ne1 Rxd3 31. Qxd3 Qa5 32. Nc2 Qa2 33. f5 Qxb3 34. Kh3 Qb2 35. Ne1 b3 36. fxe6 fxe6 37. Qd7 c2 38. Qxe6+ Kh8 39. Qc8+ Kh7 40. Qf5+ Kg8 41. Qe6+ Kh7 42. Qf5+ Kg8 43. Qe6+ 1/2-1/2


[Site "https://www.chess.com"]

[Event "Titled Tuesday Blitz May 4 2021"]
[White "Jian, Alex"]
[Black "Arias, Juan Cruz"]
[WhiteFideId "30901022"]
[BlackFideId "118540"]
[WhiteElo "2084"]
[BlackElo "2083"]
[Result "1-0"]
[Round "06"]
[TimeControl "180+1"]
[Date "2021.05.04"]
[WhiteClock "0:00:13"]
[BlackClock "0:00:05"]

1. d4 Nf6 2. c4 e6 3. Nc3 d5 4. cxd5 exd5 5. Bg5 Be7 6. e3 c6 7. Bd3 Nbd7 8. Qc2 g6 9. h3 Nh5 10. Bxe7 Qxe7 11. Nge2 Nb6 12. O-O O-O 13. Rab1 Nf6 14. b4 a6 15. a4 Bd7 16. Nf4 Rfe8 17. Rfe1 Qd6 18. a5 Nc8 19. Na4 Ne7 20. Nc5 Rab8 21. Rec1 Bf5 22. Bxf5 Nxf5 23. Nfd3 Qe7 24. Ne5 Nd6 25. Qd3 Rbc8 26. Rc2 Nb5 27. Rbc1 Nd6 28. Na4 Nfe4 29. Nc5 f6 30. Nf3 Nxc5 31. bxc5 Nc4 32. Qc3 Rc7 33. Nd2 Nxd2 34. Rxd2 Qd7 35. Rb1 g5 36. Rdb2 Re7 37. Qd3 Qe6 38. Qd1 Kg7 39. Qf3 Kg6 40. Rb6 h5 41. R6b3 Qf5 42. Qxf5+ Kxf5 43. f3 g4 44. hxg4+ hxg4 45. Kf2 Rg7 46. Rh1 g3+ 47. Ke2 Rh7 48. Rbb1 Rcg7 49. Kd3 Rh2 50. Rhg1 Rgh7 51. Ke2 1-0


[Site "https://www.chess.com"]

[Event "Titled Tuesday Blitz May 4 2021"]
[White "Jobava, Baadur"]
[Black "Salinas Herrera, Pablo"]
[WhiteFideId "13601520"]
[BlackFideId "3407128"]
[WhiteElo "2748"]
[BlackElo "2541"]
[Result "1-0"]
[Round "06"]
[TimeControl "180+1"]
[Date "2021.05.04"]
[WhiteClock "0:01:02"]
[BlackClock "0:00:01"]

1. d4 d5 2. Nc3 Nf6 3. Bf4 e6 4. Nb5 Na6 5. e3 Be7 6. Nf3 O-O 7. h3 c6 8. Nc3 c5 9. a3 Bd7 10. Bd3 Rc8 11. O-O Nb8 12. Re1 a6 13. Ne5 Be8 14. dxc5 Bxc5 15. Ne2 Nc6 16. c3 Bd6 17. Nxc6 Bxc6 18. Nd4 e5 19. Nxc6 bxc6 20. Bg5 h6 21. Bxf6 Qxf6 22. Bxa6 Rb8 23. Rb1 e4 24. Bf1 Qe5 25. g3 h5 26. h4 g6 27. a4 Rfe8 28. a5 Re6 29. a6 Rf6 30. Bg2 Ra8 31. Ra1 Kg7 32. Rf1 Ra7 33. Qd4 Qe7 34. c4 Be5 35. Qd2 g5 36. hxg5 Rd6 37. cxd5 cxd5 38. f4 exf3 39. Rxf3 Qxg5 40. Qf2 Qg6 41. Rf1 Rdxa6 42. Rf5 Bxg3 43. Qd2 Ra4 44. Qxd5 Rg4 45. Rf6 Qxf6 46. Rxf6 Kxf6 47. Qxh5 Raa4 48. Kf1 Rg5 49. Qh8+ Ke7 50. Bc6 Ra1+ 51. Ke2 Be5 52. Qe8+ Kd6 53. Qd8+ Kxc6 54. Qxg5 Ra5 55. Qf5 1-0


[Site "https://www.chess.com"]

[Event "Titled Tuesday Blitz May 4 2021"]
[White "Jumabayev, Rinat"]
[Black "Sirosh, Ilja"]
[WhiteFideId "13702661"]
[BlackFideId "4500458"]
[WhiteElo "2535"]
[BlackElo "2241"]
[Result "1-0"]
[Round "06"]
[TimeControl "180+1"]
[Date "2021.05.04"]
[WhiteClock "0:00:47"]
[BlackClock "0:00:03"]

1. d4 d5 2. c4 e6 3. Nf3 c5 4. cxd5 exd5 5. g3 Nc6 6. Bg2 cxd4 7. Nxd4 Bc5 8. Nxc6 bxc6 9. Qc2 Bb4+ 10. Bd2 Bxd2+ 11. Nxd2 Bd7 12. Nb3 Nf6 13. O-O h5 14. h3 h4 15. g4 O-O 16. Rac1 a5 17. Qd3 Rb8 18. Rc2 Re8 19. Rfc1 Ne4 20. Qd4 a4 21. Nc5 Nxc5 22. Qxc5 Qf6 23. Qa3 Rb6 24. Rd2 Reb8 25. Rc3 Qf4 26. e3 Qb4 27. Qxb4 Rxb4 28. Rcc2 Be6 29. Kf1 Kf8 30. Ke1 Ke7 31. Kd1 Kd6 32. a3 R4b6 33. Kc1 g5 34. f4 f6 35. Rd4 Ra6 36. f5 Bf7 37. Rd3 Ke5 38. Rdc3 Rc8 39. Rc5 Kd6 40. e4 dxe4 41. Bxe4 Rb6 42. R5c3 Re8 43. Bxc6 Re1+ 44. Kd2 Rg1 45. Rd3+ Ke5 46. Rc5+ Kf4 47. Rf3# 1-0


[Site "https://www.chess.com"]

[Event "Titled Tuesday Blitz May 4 2021"]
[White "Kabanov, Nikolai"]
[Black "Elissalt Cardenas, Hector"]
[WhiteFideId "4127820"]
[BlackFideId "3500632"]
[WhiteElo "2376"]
[BlackElo "2206"]
[Result "1-0"]
[Round "06"]
[TimeControl "180+1"]
[Date "2021.05.04"]
[WhiteClock "0:00:13"]
[BlackClock "0:00:03"]

1. c4 e5 2. Nc3 f5 3. g3 Nf6 4. Bg2 Be7 5. d3 d6 6. f4 O-O 7. Nf3 Nc6 8. O-O Nd4 9. Nxd4 exd4 10. Nd5 c6 11. Nxf6+ Bxf6 12. b4 a6 13. Bb2 Qe7 14. Qd2 Re8 15. Bf3 Bd7 16. a4 g6 17. Rae1 h5 18. h4 Qe3+ 19. Qxe3 Rxe3 20. Kf2 Rae8 21. Bc1 R3e7 22. Bd2 Kf7 23. c5 d5 24. b5 axb5 25. axb5 Ra8 26. Ra1 Ree8 27. Rfb1 Ke6 28. bxc6 Bxc6 29. Bc1 Be7 30. Ba3 Ra4 31. Bb4 Rea8 32. Rxa4 Rxa4 33. e3 dxe3+ 34. Kxe3 d4+ 35. Kf2 Bxf3 36. Kxf3 Kd5 37. c6 Rxb4 38. Rxb4 Kxc6 39. Rxd4 b5 40. Ke2 1-0


[Site "https://www.chess.com"]

[Event "Titled Tuesday Blitz May 4 2021"]
[White "Kalajzic, Ivan"]
[Black "Grigoryan, Meri"]
[WhiteFideId "14506378"]
[BlackFideId "13300571"]
[WhiteElo "2163"]
[BlackElo "2007"]
[Result "1-0"]
[Round "06"]
[TimeControl "180+1"]
[Date "2021.05.04"]
[WhiteClock "0:00:26"]
[BlackClock "0:00:01"]

1. b3 d5 2. Bb2 Nf6 3. Nf3 c5 4. e3 Nc6 5. Bb5 Bd7 6. O-O Qc7 7. d3 a6 8. Bxc6 Bxc6 9. Ne5 e6 10. Nd2 Bd6 11. f4 O-O-O 12. Nxc6 Qxc6 13. Nf3 Ng4 14. Qe1 f6 15. h3 Nh6 16. c4 Rhe8 17. Qf2 e5 18. cxd5 Qxd5 19. Rfd1 exf4 20. e4 Qc6 21. Rac1 Kb8 22. b4 Be5 23. Rxc5 Qa4 24. d4 Bd6 25. Rcc1 Qxb4 26. Rb1 Qa4 27. e5 fxe5 28. dxe5 Bb4 29. Bd4 Nf5 30. Ba7+ Ka8 31. Rdc1 Qa5 32. Bb6 Qd5 33. Rxb4 Rd7 34. Rcb1 Ne3 35. Bxe3 fxe3 36. Qxe3 1-0


[Site "https://www.chess.com"]

[Event "Titled Tuesday Blitz May 4 2021"]
[White "Kalashian, David"]
[Black "Diaz Camallonga, Carles"]
[WhiteFideId "13302418"]
[BlackFideId "22235256"]
[WhiteElo "2490"]
[BlackElo "2438"]
[Result "1/2-1/2"]
[Round "06"]
[TimeControl "180+1"]
[Date "2021.05.04"]
[WhiteClock "0:00:14"]
[BlackClock "0:00:26"]

1. e4 e6 2. d4 d5 3. Nd2 c5 4. exd5 Qxd5 5. Ngf3 cxd4 6. Bc4 Qd6 7. O-O Nf6 8. Nb3 Nc6 9. Nbxd4 Nxd4 10. Qxd4 Qxd4 11. Nxd4 Bd7 12. c3 Rc8 13. Bb3 Bc5 14. Bg5 Ne4 15. Be3 O-O 16. Rad1 Rfd8 17. Rfe1 Nf6 18. Bg5 a5 19. a3 a4 20. Ba2 b6 21. h3 h6 22. Bh4 Kf8 23. Bg3 Ne8 24. Nf3 Bb5 25. Ne5 Nf6 26. Bb1 Ke7 27. Bc2 g5 28. Ng4 Nxg4 29. hxg4 Bc6 30. Kf1 b5 31. Rxd8 Rxd8 32. Rd1 Rxd1+ 33. Bxd1 Bd5 34. f3 Bc4+ 35. Ke1 f6 36. Bf2 Kd6 37. Bxc5+ Kxc5 38. Kd2 Kd5 39. Ke3 Ke5 40. g3 f5 41. f4+ Kd5 42. gxf5 exf5 43. Bc2 Ke6 44. Bd1 Kf6 45. Kd4 Kg6 46. Ke5 gxf4 47. Kxf4 Bd3 48. Ke3 Bc4 49. Kf4 Bd3 50. Ke3 Bc4 51. Kf4 1/2-1/2


[Site "https://www.chess.com"]

[Event "Titled Tuesday Blitz May 4 2021"]
[White "Kalogeris, Ioannis"]
[Black "Schut, Lisa"]
[WhiteFideId "4239563"]
[BlackFideId "1019481"]
[WhiteElo "2287"]
[BlackElo "2234"]
[Result "0-1"]
[Round "06"]
[TimeControl "180+1"]
[Date "2021.05.04"]
[WhiteClock "0:00:06"]
[BlackClock "0:00:10"]

1. e4 c5 2. Nf3 d6 3. Bb5+ Bd7 4. c4 g6 5. d4 Bxb5 6. cxb5 cxd4 7. Qxd4 Nf6 8. e5 Nh5 9. g4 Ng7 10. Qd5 Qd7 11. exd6 e6 12. Qd4 Qxd6 13. Qf6 Nd7 14. Qc3 h5 15. g5 Nb6 16. Nbd2 Nd5 17. Qb3 Qb4 18. Qd3 Be7 19. a3 Qa4 20. b3 Qa5 21. Bb2 O-O 22. b4 Qd8 23. Ne4 Nf4 24. Qxd8 Rfxd8 25. O-O Nd3 26. Bd4 Nf5 27. Bc3 Rac8 28. Rfd1 Nf4 29. Nf6+ Kf8 30. Be5 Nd3 31. h3 Nxe5 32. Nxe5 Bd6 33. Nf3 Ke7 34. Rdc1 Bf4 35. Rxc8 Rxc8 36. Rd1 Rc1 37. Rxc1 Bxc1 38. a4 Ba3 39. Ne4 Bxb4 40. Ne5 Nd6 41. Nf6 Bc3 0-1


[Site "https://www.chess.com"]

[Event "Titled Tuesday Blitz May 4 2021"]
[White "Kanyamarala, Tarun"]
[Black "Garakov, Mikhael"]
[WhiteFideId "45004714"]
[BlackFideId "4169034"]
[WhiteElo "2086"]
[BlackElo "2367"]
[Result "1/2-1/2"]
[Round "06"]
[TimeControl "180+1"]
[Date "2021.05.04"]
[WhiteClock "0:00:10"]
[BlackClock "0:01:33"]

1. e4 c5 2. Nf3 e6 3. d4 cxd4 4. Nxd4 Nc6 5. Nc3 Qc7 6. g3 a6 7. Bg2 Nf6 8. Nxc6 dxc6 9. O-O e5 10. Bg5 Be7 11. h3 h6 12. Be3 b5 13. f4 O-O 14. Kh2 Rd8 15. Qe1 b4 16. Na4 c5 17. fxe5 Qxe5 18. Bf4 Qe6 19. Bc7 Re8 20. e5 Nd5 21. Bd6 Bxd6 22. exd6 Ne3 23. Rf3 Ra7 24. Nxc5 Nxg2 25. Qxe6 Bxe6 26. Nxe6 Rxe6 27. Kxg2 Rxd6 28. Raf1 Rc7 29. R1f2 Rdc6 30. Rb3 a5 31. a3 bxa3 32. Rxa3 Rxc2 33. Rxa5 Rxf2+ 34. Kxf2 Rc2+ 35. Kf3 Rxb2 36. h4 h5 37. Rxh5 g6 38. Ra5 Kg7 39. Kg4 Rb4+ 40. Kf3 f5 41. Ra6 Rb3+ 42. Kf4 Rb4+ 43. Kf3 Rb3+ 44. Kf4 Rb4+ 45. Kf3 1/2-1/2


[Site "https://www.chess.com"]

[Event "Titled Tuesday Blitz May 4 2021"]
[White "Karavaeva, Olga"]
[Black "Kilpatrick, Callum"]
[WhiteFideId "4124111"]
[BlackFideId "414425"]
[WhiteElo "2105"]
[BlackElo "2460"]
[Result "1-0"]
[Round "06"]
[TimeControl "180+1"]
[Date "2021.05.04"]
[WhiteClock "0:00:23"]
[BlackClock "0:00:01"]

1. c4 Nf6 2. Nc3 d5 3. cxd5 Nxd5 4. g3 g6 5. Bg2 Nb6 6. Nf3 Bg7 7. O-O O-O 8. d4 Nc6 9. d5 Ne5 10. e4 Bg4 11. Bf4 Nbc4 12. Rb1 c6 13. b3 Nxf3+ 14. Bxf3 Bxf3 15. Qxf3 Ne5 16. Qe2 cxd5 17. Nxd5 e6 18. Nb4 Qd4 19. Nc2 Qb6 20. Rfd1 Rac8 21. Ne3 h6 22. Bxe5 Bxe5 23. Nc4 Qc7 24. Nxe5 Qxe5 25. Rd7 Rc7 26. Rbd1 Rfc8 27. Kg2 Kg7 28. Rxc7 Rxc7 29. f4 Qc3 30. h4 h5 31. Rd3 Qc1 32. Rd2 Qb1 33. Rb2 Qc1 34. f5 exf5 35. exf5 Re7 36. Qf2 gxf5 37. Rc2 Qe3 38. Qxf5 Re6 39. Rf2 f6 40. Qxh5 Re5 41. Qg4+ Kf7 42. Qc4+ Kg6 43. Qc2+ Qe4+ 44. Qxe4+ Rxe4 45. Kf3 Re1 46. Re2 Ra1 47. Kg4 a5 48. a4 b6 49. h5+ Kh6 50. Re6 Kg7 51. Rxb6 Rd1 52. Rb5 Rd4+ 53. Kh3 Kh6 54. Rxa5 Rb4 55. Rb5 Rd4 56. a5 Rd6 57. b4 Rd4 58. a6 1-0


[Site "https://www.chess.com"]

[Event "Titled Tuesday Blitz May 4 2021"]
[White "Kaufman, Raymond"]
[Black "Vargas, Gabriela"]
[WhiteFideId "2015056"]
[BlackFideId "3700860"]
[WhiteElo "2321"]
[BlackElo "2116"]
[Result "1/2-1/2"]
[Round "06"]
[TimeControl "180+1"]
[Date "2021.05.04"]
[WhiteClock "0:00:13"]
[BlackClock "0:00:20"]

1. e4 e6 2. d4 d5 3. Bd3 c5 4. exd5 exd5 5. dxc5 Bxc5 6. Nf3 Nf6 7. Qe2+ Be6 8. Ng5 Qe7 9. Nxe6 Qxe6 10. O-O Qxe2 11. Bxe2 O-O 12. Nd2 Nc6 13. c3 d4 14. Nb3 Bb6 15. Bf3 dxc3 16. bxc3 Rac8 17. Bg5 Na5 18. Nxa5 Bxa5 19. Bxb7 Rxc3 20. Rac1 Rb8 21. Bf3 Rbc8 22. Rxc3 Rxc3 23. Rd1 h6 24. Be3 Ra3 25. Bxa7 Rxa2 26. Bc5 Kh7 27. g3 Bc3 28. Rd3 Ra1+ 29. Kg2 Be5 30. Re3 Bb2 31. Re7 Kg6 32. h4 h5 33. Be3 Ra6 34. Bg5 Re6 35. Rxe6 fxe6 36. Be2 Kf7 37. Bd3 g6 38. Kf3 Nd5 39. Ke2 Nc3+ 40. Ke3 Nd5+ 41. Ke4 Bf6 42. Bd2 Ne7 43. f3 Nc6 44. Be1 Ne5 45. Be2 Nd7 46. g4 hxg4 47. fxg4 Ke7 48. g5 Bg7 49. Bb4+ Kf7 50. Bc4 Nb6 51. Bb3 Nc8 52. Kf3 Ne7 53. Kg4 Nf5 54. h5 gxh5+ 55. Kxh5 Ng3+ 56. Kg4 Nf5 57. g6+ Kxg6 58. Bxe6 Nh6+ 59. Kf4 Nf7 60. Bf5+ Kh6 61. Bd2 Be5+ 62. Ke4+ Kg7 63. Kd5 Bf6 64. Be6 Ng5 65. Bf5 Nf7 66. Bf4 Ng5 67. Be3 Nf7 68. Ke6 Ng5+ 69. Kd7 Nf7 70. Be6 Ng5 71. Bd5 Nf7 72. Ke8 Ng5 1/2-1/2


[Site "https://www.chess.com"]